 Dungeon Crawl Stone Soup version bcrawl-1.41.1 (webtiles) character file.

Game seed: 3324025547365944647

112584 Grimmash the Sneak (level 4, 0/26 HPs)
             Began as a Skeleton Archaeologist on Apr 18, 2024.
             Slain by a gnoll
             ... wielding a +0 spear
              (8 damage)
             ... on level 3 of the Dungeon.
             The game lasted 00:03:02 (2863 turns).

Grimmash the Sneak (Skeleton Archaeologist)         Turns: 2863, Time: 00:03:03

Health: 0/26       AC:  6    Str: 14 (18) XL:     4   Next: 71%
Magic:  0/6        EV: 12    Int: 13      God:
Gold:   98         SH:  0    Dex:  4 (7)  Spells: 6/6 levels left

rFire    . . .     GDR:     15% a - +0 whip
rCold    + . .     SeeInvis .   (no shield)
rNeg     + + +     Gourm    .   c - +1 robe
rPois    ∞         Faith    .   d - +1 hat
rElec    .         Spirit   +   (no cloak)
rCorr    .         Reflect  .   (no gloves)
MR       .....                  e - +1 pair of boots
Stlth    ++........             (no amulet)
HPRegen  0.14/turn              (no ring)
MPRegen  0.10/turn              (no ring)

@: no status effects
A: no food or potions, cold resistance 1, deterioration 1, negative energy
resistance 3, torment resistance, unbreathing, magic shield, sturdy frame 1,
spell healing
a: no special abilities


You were on level 3 of the Dungeon.
You were not hungry.

You visited 1 branch of the dungeon, and saw 3 of its levels.

You collected 98 gold pieces.

Inventory:

Hand Weapons
 a - a +0 whip (weapon)
 b - a +0 blowgun
Missiles
 f - 6 curare-tipped needles
Armour
 c - a +1 robe (worn)
 d - a +1 hat (worn)
 e - a +1 pair of boots (worn)
Scrolls
 g - 2 scrolls of revelation
 i - a scroll of identify
 j - 2 scrolls of blinking {unknown}
 k - a scroll of remove curse {unknown}
 l - a scroll of amnesia {unknown}
Miscellaneous
 h - a dusty tome


   Skills:
 * Level 1.8 Fighting
 * Level 2.8 Maces & Flails
 * Level 1.2 Armour
 * Level 3.8 Dodging
 + Level 4.0 Stealth
 * Level 1.9 Spellcasting


You had 6 spell levels left.
You didn't know any spells.
Your spell library was empty.

Dungeon Overview and Level Annotations

Branches:
Dungeon (3/12)

Altars:
Xom

Annotations:
D:2 exclusion: crimson imp


Innate Abilities, Weirdness & Mutations

You do not eat or drink.
You are immune to poison.
Your flesh is cold resistant. (rC+)
Your body sometimes deteriorates upon taking damage.
You are immune to negative energy. (rN+++)
You are immune to unholy pain and torment.
You can survive without breathing.
When hurt, damage is shared between your health and your magic reserves.
Your movements are slightly less encumbered by armour. (ER -2)
Casting spells heals you.


Message History

You hear a grinding noise.
The gnoll hits you but does no damage.
You closely miss the gnoll.
The gnoll is lightly wounded.
The gnoll hits you with a +0 spear.
You hit the gnoll but do no damage.
The gnoll is lightly wounded.
The gnoll hits you with a +0 spear.
Your body deteriorates!
You feel clumsy.
You hear a grinding noise.
You barely miss the gnoll.
The gnoll is lightly wounded.
The gnoll hits you with a +0 spear.
Your body deteriorates!
You feel weakened.
You closely miss the gnoll.
The gnoll is lightly wounded.
The gnoll hits you with a +0 spear!
You are too injured to fight recklessly!
The gnoll hits you with a +0 spear!
You die...

#.##..... #....#.#
...###....######.####
...'......g..†.......
...#..g....##########
#.##.##.# # .$.##.#
######.# #@gg..#
#######


You could see a gnoll and a hobgoblin.

Vanquished Creatures
  3 adders
  A gnoll (D:2)
  2 oozes (D:2)
  5 worms
  2 dart slugs
  2 leopard geckos
  4 ball pythons
  6 giant cockroaches
  4 goblins
  4 hobgoblins
  A jackal (D:1)
  A quokka (D:2)
  5 bats
  2 frilled lizards
  8 kobolds
  3 rats
53 creatures vanquished.

Notes
Turn   | Place    | Note
-------+----------+-------------------------------------------
     0 | D:1      | Grimmash the Skeleton Archaeologist began the quest for the
                  | Orb.
     0 | D:1      | Reached XP level 1. HP: 12/12 MP: 1/1
   197 | D:1      | Reached XP level 2. HP: 16/16 MP: 2/2
   775 | D:1      | Reached skill level 1 in Spellcasting
  1108 | D:2      | Reached XP level 3. HP: 17/20 MP: 4/4
  1288 | D:2      | Reached skill level 1 in Armour
  1495 | D:2      | Found a shimmering altar of Xom.
  1515 | D:2      | Reached skill level 4 in Stealth
  1845 | D:2      | Reached XP level 4. HP: 22/25 MP: 6/6
  2863 | D:3      | Slain by a gnoll

Skill      XL: |  1  2  3 |
---------------+----------+-----
Spellcasting   | 1 |  1.9
Maces & Flails | 2 |  2.8
Armour         | 1 |  1.2
Stealth        | 4 |  4.0
Fighting       | |  1.8
Dodging        | |  3.8

Action                   |  1- 3 |  4- 6 || total
-------------------------+-------+-------++-------
Melee: Whip              |   193 |   109 ||   302
  Use: Scroll            |       |     1 ||     1
 Stab: Sleeping          |     7 |     4 ||    11
Armor: Robe              |    51 |    39 ||    90
Dodge: Dodged            |   104 |    68 ||   172
